[Event "Titled Tuesday Blitz November 29 Late 2022"]
[White "Wirig, Anthony"]
[Black "Maatman, Nick"]
[WhiteFideId "615013"]
[BlackFideId "1040391"]
[WhiteElo "2487"]
[BlackElo "2653"]
[Result "1-0"]
[Round "06"]
[TimeControl "180+1"]
[Date "2022.11.30"]
[WhiteClock "0:00:08"]
[BlackClock "0:00:10"]

1. d4 Nf6 2. Bg5 Ne4 3. Bf4 d5 4. Nd2 Nxd2 5. Qxd2 Bf5 6. e3 e6 7. Nf3 Nd7 8. Be2 h6 9. a3 Be7 10. c4 c6 11. Rc1 O-O 12. O-O Nf6 13. c5 g5 14. Bg3 Ne4 15. Qd1 h5 16. h3 Nxg3 17. fxg3 Qc7 18. Qe1 f6 19. b4 Rf7 20. Nd2 Bg6 21. g4 h4 22. Rf2 Raf8 23. Nf3 e5 24. Qc3 e4 25. Nh2 Bd8 26. Rf5 Qg3 27. Nf1 Qb8 28. Qe1 Bc7 29. a4 Qc8 30. Qf2 Bb8 31. b5 Qc7 32. Qe1 Qc8 33. Qf2 Qc7 34. Rb1 Qa5 35. Bd1 Bxf5 36. gxf5 Qc3 37. Bh5 Re7 38. Bd1 Kg7 39. Bc2 Bg3 40. Qe2 Rb8 41. Bd1 Rh8 42. Bc2 Qa3 43. Rd1 Qc3 44. Bb1 Qc4 45. Qxc4 dxc4 46. Ba2 c3 47. Rc1 cxb5 48. axb5 b6 49. c6 a6 50. bxa6 Ra8 51. Bc4 Rc7 52. Bb5 Bd6 53. Rxc3 Kf8 54. Rc4 Ke7 55. Nd2 Bg3 56. Nxe4 Bd6 57. Kf2 Ba3 58. Kf3 Bd6 59. Nf2 Bg3 60. Ng4 Bd6 61. e4 Bf4 62. e5 fxe5 63. dxe5 Rd8 64. Ke4 Rd2 65. Rc3 Rxg2 66. f6+ Kf8 67. Kf5 Ra2 68. e6 Ra5 69. Rb3 Rxc6 70. Kg6 Rxe6 71. a7 Rxa7 72. Rd3 Ra8 73. Rd7 Be5 74. Rf7+ Kg8 75. Nh6+ Kh8 76. Rh7# 1-0


[Site "https://www.chess.com"]

[Event "Titled Tuesday Blitz November 29 Late 2022"]
[White "Yoo, Christopher Woojin"]
[Black "Martinez Ramirez, Lennis"]
[WhiteFideId "30909694"]
[BlackFideId "3509079"]
[WhiteElo "2463"]
[BlackElo "2439"]
[Result "0-1"]
[Round "06"]
[TimeControl "180+1"]
[Date "2022.11.30"]
[WhiteClock "0:00:01"]
[BlackClock "0:00:08"]

1. Nf3 d5 2. g3 Nf6 3. Bg2 c6 4. O-O Bg4 5. b3 e6 6. Bb2 Nbd7 7. d3 Bd6 8. Nbd2 Qc7 9. c4 h5 10. h3 h4 11. Nxh4 Bxh3 12. Bxh3 Bxg3 13. fxg3 Qxg3+ 14. Bg2 Qe3+ 15. Rf2 Ng4 16. Qe1 Rxh4 17. Nf1 Qh6 18. Rf3 O-O-O 19. Bc1 g5 20. Rg3 Rh8 21. Rxg4 Rxg4 22. Ne3 Qh2+ 23. Kf1 Rf4+ 24. Bf3 Qh1+ 25. Kf2 Rh2+ 26. Kg3 Rh3+ 27. Kf2 Qh2+ 28. Ng2 Qg3+ 29. Ke3 Qxg2 0-1


[Site "https://www.chess.com"]

[Event "Titled Tuesday Blitz November 29 Late 2022"]
[White "Young, Ryan"]
[Black "Burke, Paul"]
[WhiteFideId "2049945"]
[BlackFideId "2605767"]
[WhiteElo "2284"]
[BlackElo "1920"]
[Result "1-0"]
[Round "06"]
[TimeControl "180+1"]
[Date "2022.11.30"]
[WhiteClock "0:00:34"]
[BlackClock "0:00:53"]

1. e4 e5 2. Nf3 Nc6 3. d4 exd4 4. Nxd4 Be7 5. c4 d6 6. Nc3 Nf6 7. Be3 O-O 8. Be2 a6 9. O-O Nxd4 10. Bxd4 c6 11. Bf3 Be6 12. b3 Nd7 13. Qd3 Ne5 14. Qe3 Nxf3+ 15. Qxf3 Bf6 16. Rad1 Bxd4 17. Rxd4 Qc7 18. Rfd1 Rad8 19. Qd3 f5 20. Rxd6 Rxd6 21. Qxd6 Qxd6 22. Rxd6 Bc8 23. e5 f4 24. Ne4 f3 25. gxf3 Bf5 26. Nc5 Bb1 27. e6 Bxa2 28. Rd7 b6 29. Nb7 Bxb3 30. Nd6 Bxc4 31. e7 1-0


[Site "https://www.chess.com"]

[Event "Titled Tuesday Blitz November 29 Late 2022"]
[White "Yuan, Qingyu"]
[Black "Lewtak, Damian"]
[WhiteFideId "8609772"]
[BlackFideId "1141724"]
[WhiteElo "2359"]
[BlackElo "2329"]
[Result "1/2-1/2"]
[Round "06"]
[TimeControl "180+1"]
[Date "2022.11.30"]
[WhiteClock "0:00:13"]
[BlackClock "0:00:11"]

1. e4 c5 2. Nf3 d6 3. d4 cxd4 4. Nxd4 Nf6 5. Nc3 Nc6 6. Bg5 e6 7. Qd2 a6 8. O-O-O Bd7 9. f3 Be7 10. Kb1 Rc8 11. h4 h6 12. Be3 h5 13. Bd3 Ne5 14. Bg5 b5 15. Nce2 Qc7 16. Nb3 d5 17. Rc1 Nc4 18. Qe1 dxe4 19. fxe4 Ng4 20. Bxe7 Kxe7 21. Bxc4 bxc4 22. Nbd4 Rb8 23. Qc3 Rb7 24. Ka1 Rhb8 25. Rb1 Kf8 26. Rhf1 Kg8 27. a3 Be8 28. Nf3 Qc5 29. Ned4 e5 30. Nf5 f6 31. Rfd1 Bc6 32. Nd2 g6 33. Ng3 Bb5 34. Nb3 Qe3 35. Na5 Rc7 36. Nf1 Qxc3 37. bxc3 Rf8 38. Rd6 Kg7 39. Rbd1 f5 40. Ng3 f4 41. Nf1 f3 42. gxf3 Rxf3 43. Kb2 Ne3 44. Nxe3 Rxe3 45. Rg1 Be8 46. Re6 Bf7 47. Rxe5 Rc8 48. Re7 Rb8+ 49. Kc1 Rxc3 50. Rf1 Rf8 51. Nc6 Kg8 52. Ne5 Be8 53. Rxf8+ Kxf8 54. Re6 Rxa3 55. Rf6+ Ke7 56. Rb6 c3 57. Kd1 Ra1+ 58. Ke2 Rh1 59. Kd3 Rxh4 60. Rb7+ Ke6 61. Nf3 Rh3 62. Ke3 Bc6 63. Rb6 Kd7 64. Kf4 Kc7 65. Rxa6 Rh1 66. Ra3 Rf1 67. Rxc3 g5+ 68. Kxg5 Kd6 69. e5+ Kd5 70. Kxh5 Be8+ 71. Kg4 Bd7+ 72. Kg3 Ke6 73. Rd3 Bb5 74. Rd6+ Ke7 75. Rf6 Bc6 76. c4 Rc1 77. Rf4 Rc3 78. Kg4 Bxf3+ 79. Rxf3 Rxc4+ 80. Kf5 Rc6 81. Ra3 Rb6 82. Ra7+ Ke8 83. e6 Rb1 84. Kf6 Rf1+ 85. Ke5 Re1+ 86. Kd6 Rd1+ 87. Kc6 Re1 88. Kd5 Rd1+ 89. Ke5 Re1+ 90. Kf6 Rf1+ 91. Kg6 Re1 92. Ra6 Ke7 93. Kf5 Rf1+ 94. Ke5 Re1+ 95. Kd5 Rd1+ 96. Ke4 Re1+ 97. Kf5 Rf1+ 98. Kg4 Re1 99. Kf5 1/2-1/2


[Site "https://www.chess.com"]

[Event "Titled Tuesday Blitz November 29 Late 2022"]
[White "Yurovskykh, Oleksandr"]
[Black "Fernandez Guillen, Ernesto J."]
[WhiteFideId "14134020"]
[BlackFideId "3512428"]
[WhiteElo "2265"]
[BlackElo "2450"]
[Result "1/2-1/2"]
[Round "06"]
[TimeControl "180+1"]
[Date "2022.11.30"]
[WhiteClock "0:00:08"]
[BlackClock "0:00:06"]

1. d4 Nf6 2. Nf3 e6 3. Bf4 b6 4. e3 Bb7 5. Bd3 Be7 6. h3 O-O 7. O-O Ne4 8. Nbd2 f5 9. Bh2 Kh8 10. Be2 d6 11. Nxe4 fxe4 12. Nd2 Bg5 13. c4 Qe8 14. Qc2 Qg6 15. b4 Nd7 16. c5 Bd5 17. cxd6 cxd6 18. Bxd6 Rxf2 19. Kxf2 Bxe3+ 20. Kxe3 e5 21. Bxe5 Nxe5 22. dxe5 Qg5+ 23. Rf4 Qg3+ 24. Nf3 exf3 25. Bxf3 g5 26. Rf5 Be6 27. Rd1 Re8 28. Rxg5 Qxg5+ 29. Kf2 Qxe5 30. Qd2 Bf7 31. Qd4 Qxd4+ 32. Rxd4 Rc8 33. Rd7 Bxa2 34. Rxa7 Rc2+ 35. Ke3 Rb2 36. Ra8+ Kg7 37. b5 Bc4 38. Bc6 Bxb5 39. Bxb5 Rxb5 40. Ra2 Kf6 41. Kd4 Rb1 42. Rf2+ Ke6 43. Ke4 b5 44. Ra2 b4 45. Ra6+ Kd7 46. Kd5 Kc7 47. Ra7+ Kb6 48. Rxh7 Rc1 49. Rh8 Kb5 50. Rb8+ Ka4 51. g4 b3 52. Ke4 Ka3 53. h4 b2 54. Kf5 Rc5+ 55. Kg6 Rc6+ 56. Kh5 Rc5+ 57. g5 Rd5 58. Kh6 Rd4 59. Rxb2 Rxh4+ 60. Kg7 Kxb2 61. g6 Kc3 62. Kf7 Rf4+ 63. Ke7 Re4+ 64. Kf6 Rf4+ 65. Ke6 Rg4 66. Kf7 Rf4+ 67. Ke6 Rg4 68. Kf7 Kd4 69. g7 Rf4+ 70. Ke7 Rg4 71. Kf7 Rf4+ 72. Ke7 Re4+ 73. Kf7 Rf4+ 1/2-1/2


[Site "https://www.chess.com"]

[Event "Titled Tuesday Blitz November 29 Late 2022"]
[White "Zajic, Milan"]
[Black "Sadhwani, Raunak"]
[WhiteFideId "912336"]
[BlackFideId "35093487"]
[WhiteElo "2445"]
[BlackElo "2656"]
[Result "0-1"]
[Round "06"]
[TimeControl "180+1"]
[Date "2022.11.30"]
[WhiteClock "0:00:19"]
[BlackClock "0:00:43"]

1. e4 e5 2. Nf3 Nc6 3. Bb5 Nge7 4. Nc3 Ng6 5. h4 Nd4 6. h5 Nf4 7. g3 Nxf3+ 8. Qxf3 Ne6 9. Bc4 d6 10. d3 c6 11. Be3 Be7 12. a3 b5 13. Bb3 a5 14. a4 b4 15. Ne2 O-O 16. O-O-O c5 17. h6 g6 18. Qg2 Nd4 19. Nxd4 cxd4 20. Bd2 Be6 21. Bc4 Bxc4 22. dxc4 b3 23. cxb3 Rb8 24. Qf3 Qb6 25. Kc2 Qc6 26. Rhe1 Rb7 27. Bxa5 Ra8 28. b4 Qxa4+ 29. Kb1 d5 30. c5 Bxc5 31. Qf6 Bf8 32. Qxe5 Rxb4 33. Bxb4 Qa2+ 34. Kc2 Rc8+ 35. Bc3 Rxc3+ 0-1


[Site "https://www.chess.com"]

[Event "Titled Tuesday Blitz November 29 Late 2022"]
[White "Zhigalko, Sergei"]
[Black "Annaberdiyev, Babageldi"]
[WhiteFideId "13502956"]
[BlackFideId "14000385"]
[WhiteElo "2662"]
[BlackElo "2332"]
[Result "1-0"]
[Round "06"]
[TimeControl "180+1"]
[Date "2022.11.30"]
[WhiteClock "0:00:04"]
[BlackClock "0:00:12"]

1. e4 e6 2. d4 d5 3. e5 c5 4. c3 Nc6 5. Nf3 Qb6 6. Bd3 cxd4 7. O-O Bd7 8. Re1 Rc8 9. h4 h6 10. h5 a6 11. a3 Qa7 12. b4 dxc3 13. Nxc3 Nxb4 14. Be3 Bc5 15. axb4 Bxe3 16. Rxe3 Rxc3 17. b5 Ne7 18. bxa6 bxa6 19. Rxa6 Qb7 20. Qa1 Qb4 21. Ra7 Nc8 22. Rxd7 Kxd7 23. Bb5+ Qxb5 24. Rxc3 Qb4 25. Ra3 Rd8 26. Nd4 Ne7 27. Ra4 Qb6 28. Ra6 Qb4 29. Ra4 Qb6 30. Ra7+ Ke8 31. Qa3 Ng8 32. Qa4+ Kf8 33. Qa3+ Ke8 34. Qa4+ Kf8 35. Nc6 g5 36. Qa3+ Kg7 37. Nxd8 Qxd8 38. Qc5 Qf8 39. Qxf8+ Kxf8 40. Ra8+ Kg7 41. Re8 Kh7 42. g4 Kg7 43. Kg2 Kh7 44. Kg3 Kg7 45. f3 Kh7 46. Kf2 Kg7 47. Ke3 Kh7 48. Kd4 Kg7 49. Kc5 Kh7 50. Kd6 Kg7 51. Rd8 d4 52. Rb8 f6 53. Rb7+ Kf8 54. Kxe6 fxe5 55. Rb8+ Kg7 56. Rb7+ Kf8 57. Kxe5 d3 58. Rd7 Ne7 59. Rxd3 Nc6+ 60. Kf6 Nb4 61. Rd8# 1-0


[Site "https://www.chess.com"]

[Event "Titled Tuesday Blitz November 29 Late 2022"]
[White "Aggelis, Nikolaos"]
[Black "Dylag, Emilia"]
[WhiteFideId "4213220"]
[BlackFideId "21805172"]
[WhiteElo "2189"]
[BlackElo "1878"]
[Result "0-1"]
[Round "07"]
[TimeControl "180+1"]
[Date "2022.11.30"]
[WhiteClock "0:00:01"]
[BlackClock "0:00:05"]

1. d4 Nf6 2. Nf3 e6 3. Bg5 h6 4. Bh4 d5 5. Nbd2 Be7 6. e3 O-O 7. Be2 Nbd7 8. O-O c5 9. c4 b6 10. Rc1 Bb7 11. Qb3 Rc8 12. cxd5 Nxd5 13. Bxe7 Qxe7 14. Rfd1 cxd4 15. Nxd4 Nc5 16. Qa3 Qg5 17. N2f3 Qg6 18. Ne5 Qf6 19. Ndf3 g5 20. b4 Ne4 21. Nd7 Qg7 22. Nxf8 Rxf8 23. Qb3 Ndc3 24. Rd2 Nxe2+ 25. Rxe2 g4 26. Nd4 Ng5 27. Rc7 Bd5 28. Qc2 Nf3+ 29. Kh1 Qe5 30. Nxf3 gxf3 31. Rd2 fxg2+ 32. Kg1 Be4 33. Qc3 Qh5 34. a4 Kh7 35. Rc8 Rxc8 36. Qxc8 Qe5 37. Qc1 h5 38. Re2 h4 39. f4 Qh5 40. Rd2 h3 41. Rf2 Qh4 42. Rb2 Qg4 43. Rd2 Kg6 44. Qe1 Qf5 45. Qg3+ Kh7 46. Qh4+ Kg7 47. Qg5+ Qxg5 48. fxg5 Kg6 49. Rd7 a6 50. Rd6 b5 51. a5 Kxg5 0-1


[Site "https://www.chess.com"]

[Event "Titled Tuesday Blitz November 29 Late 2022"]
[White "Aghasiyev, Kamal"]
[Black "Putnam, Liam"]
[WhiteFideId "13402854"]
[BlackFideId "30938279"]
[WhiteElo "2341"]
[BlackElo "2082"]
[Result "1-0"]
[Round "07"]
[TimeControl "180+1"]
[Date "2022.11.30"]
[WhiteClock "0:00:11"]
[BlackClock "0:00:12"]

1. d4 Nf6 2. c4 e6 3. Nf3 Bb4+ 4. Bd2 a5 5. g3 d6 6. Bg2 Nbd7 7. O-O O-O 8. Bg5 a4 9. a3 Ba5 10. Qxa4 Ra6 11. Qc2 h6 12. Bf4 Bb6 13. Nc3 Qe7 14. Be3 Ng4 15. Bd2 f5 16. b4 Ngf6 17. c5 dxc5 18. dxc5 Ba7 19. e4 fxe4 20. Nxe4 e5 21. Bc3 Nxe4 22. Qxe4 Re6 23. Nh4 Qf7 24. Qc4 g5 25. Nf3 Rfe8 26. Nd2 c6 27. Ne4 Bb8 28. Rad1 Nf6 29. Nxf6+ Rxf6 30. Qxf7+ Kxf7 31. Be4 Kg7 32. Rd3 Ref8 33. f3 g4 34. f4 Kg8 35. Re1 Be6 36. Bg2 Bf5 37. Rdd1 Re6 38. Bxe5 Rfe8 39. Bc3 Bc7 40. Kf2 Ra8 41. Rxe6 Bxe6 42. Bb2 Kf7 43. Be4 Ra6 44. Re1 b6 45. Bg6+ Kxg6 46. Rxe6+ Kf5 47. Rxc6 Bd8 48. Ke3 h5 49. Kd3 h4 50. Kc4 hxg3 51. hxg3 Ra7 52. Rd6 Be7 53. Rd3 bxc5 54. bxc5 Ra5 55. Rd5+ Ke6 56. Re5+ Kf7 57. c6 Ra4+ 58. Kb5 Ra8 59. c7 Bd6 60. Rf5+ Ke6 61. Rf6+ Kd7 62. Rxd6+ Kxd6 63. Kb6 Kd7 64. Kb7 Re8 65. a4 Rf8 66. a5 Rc8 67. Be5 Re8 68. a6 Rf8 69. a7 Rc8 70. a8=Q Rxa8 71. Kxa8 Kc8 72. Ka7 Kd7 73. Kb7 Ke6 74. c8=Q+ Kd5 75. Qxg4 Ke4 76. Qg6+ Kf3 77. f5 Kf2 78. f6 Kf1 79. g4 Kg2 80. g5 Kg1 81. Qh7 Kf2 82. f7 Kg2 83. g6 Kf2 84. g7 Ke1 85. f8=Q Ke2 86. g8=Q Kd2 87. Qh3 Ke2 88. Qgg2+ Ke1 89. Qff1# 1-0


[Site "https://www.chess.com"]

[Event "Titled Tuesday Blitz November 29 Late 2022"]
[White "Aguilar, Juan"]
[Black "Hoffmann, Asa"]
[WhiteFideId "3800091"]
[BlackFideId "2001470"]
[WhiteElo "2527"]
[BlackElo "2117"]
[Result "1-0"]
[Round "07"]
[TimeControl "180+1"]
[Date "2022.11.30"]
[WhiteClock "0:00:12"]
[BlackClock "0:00:06"]

1. d4 Nf6 2. c4 c5 3. d5 e5 4. Nc3 d6 5. e4 Be7 6. Nf3 Nbd7 7. g3 O-O 8. h4 h6 9. Bh3 b5 10. cxb5 a6 11. Bf1 Qa5 12. Bd2 axb5 13. Nxb5 Qb6 14. Qc2 Ba6 15. Nc3 c4 16. Be2 Nc5 17. O-O Nd3 18. Be3 Qxb2 19. Bxd3 Qa3 20. Be2 Ng4 21. Bc1 Qc5 22. a4 Rab8 23. Ba3 Qa5 24. Rfb1 f5 25. Nb5 Rfc8 26. Bb4 Qb6 27. Be1 f4 28. Nbd4 Qa7 29. Nc6 Qc7 30. Nxb8 Rxb8 31. Rxb8+ Qxb8 32. Rb1 Qc8 33. gxf4 exf4 34. e5 Nxe5 35. Nxe5 dxe5 36. Rb6 Bb7 37. Qxc4 Qa8 38. Rxb7 Qxb7 39. d6+ Kf8 40. dxe7+ Kxe7 41. Bb4+ Kf6 42. a5 g5 43. a6 Qa7 44. Bd3 gxh4 45. Qe4 Ke6 46. Qf5+ Kd5 47. Qe4+ Ke6 48. Qc6+ Kf7 49. Qb7+ Qxb7 50. axb7 e4 51. Bxe4 1-0


[Site "https://www.chess.com"]

[Event "Titled Tuesday Blitz November 29 Late 2022"]
[White "Al-Tarboush, Ward"]
[Black "Zajic, Milan"]
[WhiteFideId "7601450"]
[BlackFideId "912336"]
[WhiteElo "2273"]
[BlackElo "2445"]
[Result "0-1"]
[Round "07"]
[TimeControl "180+1"]
[Date "2022.11.30"]
[WhiteClock "0:00:04"]
[BlackClock "0:00:44"]

1. d4 Nf6 2. Nc3 d5 3. Bg5 c6 4. Nf3 Bf5 5. e3 Nbd7 6. Bd3 Bxd3 7. cxd3 e6 8. O-O Be7 9. e4 O-O 10. e5 Ne8 11. Bxe7 Qxe7 12. Ne1 c5 13. dxc5 Qxc5 14. d4 Qb6 15. Qd2 Nc7 16. f4 Nb5 17. Nf3 Rac8 18. Kh1 Nxc3 19. bxc3 Qa5 20. Rac1 Rc6 21. Ng1 f5 22. Nf3 Rfc8 23. Rc2 Rxc3 24. Ng5 Nf8 25. h4 h6 26. Nxe6 Qa6 27. Rxc3 Qxf1+ 28. Kh2 Rxc3 29. Qxc3 Nxe6 30. Qc8+ Nf8 31. Qxf5 Qf2 32. Qc8 Qxh4+ 33. Kg1 Qe1+ 34. Kh2 Qh4+ 35. Kg1 Qxf4 36. e6 Qxd4+ 37. Kh1 Qd1+ 38. Kh2 Qh5+ 39. Kg1 Qf5 0-1


[Site "https://www.chess.com"]

[Event "Titled Tuesday Blitz November 29 Late 2022"]
[White "Aldokhin, Ivan"]
[Black "Yuan, Qingyu"]
[WhiteFideId "24115720"]
[BlackFideId "8609772"]
[WhiteElo "2313"]
[BlackElo "2359"]
[Result "1-0"]
[Round "07"]
[TimeControl "180+1"]
[Date "2022.11.30"]
[WhiteClock "0:00:03"]
[BlackClock "0:00:04"]

1. e4 e5 2. Nf3 Nc6 3. Bb5 Nf6 4. O-O Nxe4 5. Re1 Nd6 6. Bxc6 dxc6 7. Nxe5 Be7 8. b3 O-O 9. Bb2 Bf6 10. d3 Re8 11. Nd2 Be6 12. Qf3 h6 13. Re2 Nf5 14. Ne4 Be7 15. c3 a5 16. Rae1 a4 17. Nxf7 Bxf7 18. Qxf5 axb3 19. axb3 Rf8 20. c4 Ra2 21. Qe5 Bf6 22. Nxf6+ Qxf6 23. Qxf6 gxf6 24. Bc3 Rxe2 25. Rxe2 Kg7 26. Re7 Rc8 27. f3 Kg6 28. Kf2 h5 29. h4 b5 30. Ke3 bxc4 31. bxc4 c5 32. Be1 c6 33. Bf2 Ra8 34. Kf4 Ra3 35. Ke3 Ra2 36. Rc7 Be8 37. Rc8 Kf7 38. Rc7+ Ke6 39. g4 Ra1 40. Bg3 hxg4 41. fxg4 Rg1 42. Kf2 Rd1 43. Rc8 Kf7 44. Rc7+ Ke6 45. h5 Rxd3 46. h6 Rd1 47. h7 Rh1 48. Kg2 Rh6 49. Bf4 Rh4 50. Bg3 Rh6 51. Kf3 Bg6 52. Rxc6+ Kf7 53. Rc7+ Ke6 54. g5 fxg5 55. Rc6+ Kf7 56. Kg4 Bxh7 57. Rxh6 Bd3 58. Kxg5 Bxc4 59. Rc6 Ke7 60. Rxc5 Be6 61. Rc7+ Kd8 62. Kf6 Bd7 63. Ra7 Kc8 64. Ra6 Bb5 65. Rb6 Bd7 66. Ke7 Bb5 67. Rb8# 1-0


[Site "https://www.chess.com"]

[Event "Titled Tuesday Blitz November 29 Late 2022"]
[White "Annaberdiyev, Babageldi"]
[Black "Urazayev, Arystanbek"]
[WhiteFideId "14000385"]
[BlackFideId "13709810"]
[WhiteElo "2332"]
[BlackElo "2441"]
[Result "1-0"]
[Round "07"]
[TimeControl "180+1"]
[Date "2022.11.30"]
[WhiteClock "0:01:39"]
[BlackClock "0:00:05"]

1. e4 e5 2. Nf3 Nc6 3. Bc4 Bc5 4. c3 Nf6 5. d4 exd4 6. cxd4 Bb4+ 7. Nc3 Nxe4 8. O-O Bxc3 9. d5 Bf6 10. Re1 Ne7 11. Rxe4 d6 12. Bg5 Bxg5 13. Nxg5 h6 14. Bb5+ Bd7 15. Qe2 Bxb5 16. Qxb5+ Qd7 17. Qe2 hxg5 18. Re1 O-O 19. Rxe7 Qf5 20. Qc4 Rac8 21. a4 c6 22. dxc6 Rxc6 23. Qd4 Rb6 24. h3 Qf6 25. Qxf6 gxf6 26. R1e2 Kg7 27. g3 Rb4 28. a5 Rb5 29. Kg2 a6 30. Rd7 d5 31. Ree7 Rxa5 32. Rxb7 Kg6 33. Red7 Kf5 34. b4 Rb5 35. Rxb5 axb5 36. Rxd5+ Ke4 37. Rxb5 f5 38. Rb7 f4 39. g4 f6 40. b5 f5 41. Re7+ Kd5 42. Kf3 Kc5 43. Re5+ Kb6 44. Rxf5 Rh8 45. Kg2 Rg8 46. h4 gxh4 47. Rxf4 Kxb5 48. Kh3 Rh8 49. g5 Kc5 50. Rxh4 Rg8 51. f4 Kd5 52. Kg4 Rb8 53. Rh3 Rb1 54. Re3 Kd4 55. Re8 Rg1+ 56. Kf5 Kd5 57. Rd8+ Kc6 58. g6 Kc7 59. Rd2 Rg3 60. Kf6 1-0


[Site "https://www.chess.com"]

[Event "Titled Tuesday Blitz November 29 Late 2022"]
[White "Arbunic Castro, Giovanna"]
[Black "Floresvillar Gonzalez, Luis Migu"]
[WhiteFideId "3400549"]
[BlackFideId "5100542"]
[WhiteElo "1939"]
[BlackElo "2040"]
[Result "0-1"]
[Round "07"]
[TimeControl "180+1"]
[Date "2022.11.30"]
[WhiteClock "0:00:06"]
[BlackClock "0:00:42"]

1. e4 c5 2. g3 Nc6 3. Bg2 g6 4. Ne2 Bg7 5. c3 c4 6. b3 b5 7. a4 cxb3 8. axb5 Ne5 9. d4 b2 10. Bxb2 Nc4 11. Qb3 Nxb2 12. Qxb2 Bb7 13. O-O Nh6 14. c4 O-O 15. Nbc3 d6 16. Rfc1 Qb6 17. Nd5 Bxd5 18. exd5 Rab8 19. Qa3 Rb7 20. c5 Qxb5 21. c6 Rc7 22. Qa6 Qb2 23. Rab1 Qd2 24. Rb7 Rfc8 25. Rxc7 Rxc7 26. Qb7 Qa5 27. Rb1 Bf6 28. Qb8+ Kg7 29. Rb7 Qe1+ 30. Bf1 Rxb7 31. cxb7 Ng4 32. Qg8+ Kxg8 33. b8=Q+ Kg7 0-1


[Site "https://www.chess.com"]

[Event "Titled Tuesday Blitz November 29 Late 2022"]
[White "Banzea, Alexandru-Bogdan"]
[Black "Suder, Jakub"]
[WhiteFideId "1232622"]
[BlackFideId "1195310"]
[WhiteElo "2294"]
[BlackElo "2243"]
[Result "0-1"]
[Round "07"]
[TimeControl "180+1"]
[Date "2022.11.30"]
[WhiteClock "0:00:02"]
[BlackClock "0:00:17"]

1. d4 d5 2. Nf3 Nf6 3. Bf4 c5 4. e3 Nc6 5. Nbd2 Bg4 6. c3 cxd4 7. exd4 e6 8. Qb3 Bd6 9. Qxb7 Bxf4 10. Qxc6+ Kf8 11. Ne5 Rb8 12. Nb3 Bf5 13. Bd3 g6 14. Bxf5 gxf5 15. g3 Bxe5 16. dxe5 Nd7 17. f4 h5 18. O-O-O Qe7 19. h3 Rb6 20. Qa8+ Kg7 21. Qxa7 Rhb8 22. Rhg1 R8b7 23. Qa3 Qxa3 24. bxa3 Ra7 25. Kb2 Rba6 26. g4 hxg4 27. hxg4 fxg4 28. Rxg4+ Kf8 29. Rh1 Rxa3 30. Rh8+ Ke7 31. Rgg8 Rxa2+ 32. Kb1 Nb6 33. Nc5 Ra1+ 34. Kb2 Nc4+ 0-1


[Site "https://www.chess.com"]

[Event "Titled Tuesday Blitz November 29 Late 2022"]
[White "Barbot, Pierre"]
[Black "Yoo, Christopher Woojin"]
[WhiteFideId "663727"]
[BlackFideId "30909694"]
[WhiteElo "2439"]
[BlackElo "2463"]
[Result "0-1"]
[Round "07"]
[TimeControl "180+1"]
[Date "2022.11.30"]
[WhiteClock "0:00:01"]
[BlackClock "0:00:01"]

1. d4 g6 2. Nf3 Bg7 3. Bf4 d6 4. e3 Nc6 5. h3 Nf6 6. Be2 O-O 7. O-O Qe8 8. c4 e5 9. Bh2 Bf5 10. Nc3 h5 11. a3 e4 12. Nd2 h4 13. b4 g5 14. c5 Qd7 15. b5 Ne7 16. Rc1 dxc5 17. dxc5 Rfd8 18. Nc4 Qe6 19. Qb3 Nfd5 20. Nxd5 Nxd5 21. Rfd1 a6 22. b6 cxb6 23. cxb6 Rac8 24. Na5 Rxc1 25. Rxc1 Rd7 26. Bc4 Qxb6 27. Bxd5 Qxa5 28. Bxb7 Rc7 29. Bxc7 Qd2 30. Rd1 Qe2 31. Bd5 g4 32. Bxf7+ Kh7 33. Bg8+ Kh8 34. hxg4 Bxg4 35. Rc1 h3 36. gxh3 Bxh3 37. Bf7 Qg4+ 38. Bg3 Be5 0-1


[Site "https://www.chess.com"]

[Event "Titled Tuesday Blitz November 29 Late 2022"]
[White "Barria Zuniga, Daniel"]
[Black "Ivic, Velimir"]
[WhiteFideId "3400816"]
[BlackFideId "950122"]
[WhiteElo "2414"]
[BlackElo "2625"]
[Result "1-0"]
[Round "07"]
[TimeControl "180+1"]
[Date "2022.11.30"]
[WhiteClock "0:00:56"]
[BlackClock "0:00:11"]

1. d4 Nf6 2. c4 g6 3. Nc3 Bg7 4. e4 d6 5. Be2 O-O 6. Nf3 e5 7. d5 a5 8. Bg5 h6 9. Bh4 Na6 10. Nd2 Nc5 11. O-O Bd7 12. Qc2 Qe8 13. b3 Nh7 14. a3 f5 15. f3 h5 16. b4 Na6 17. c5 dxc5 18. b5 Nb8 19. d6 cxd6 20. Nc4 g5 21. Bf2 f4 22. Nxd6 Qg6 23. Bxc5 b6 24. Nd5 Kh8 25. Nxb6 g4 26. Nxa8 Ng5 27. Nf5 Rxf5 28. exf5 Bxf5 29. Qd2 Nd7 30. Qd6 Nf6 31. Qxe5 gxf3 32. Bxf3 Ng4 33. Qxf4 Be5 34. Bd4 1-0


[Site "https://www.chess.com"]

[Event "Titled Tuesday Blitz November 29 Late 2022"]
[White "Bazeev, German"]
[Black "Arkell, Keith C"]
[WhiteFideId "24119350"]
[BlackFideId "400270"]
[WhiteElo "2493"]
[BlackElo "2342"]
[Result "1-0"]
[Round "07"]
[TimeControl "180+1"]
[Date "2022.11.30"]
[WhiteClock "0:00:19"]
[BlackClock "0:01:41"]

1. d4 e6 2. Nf3 Nf6 3. c4 Bb4+ 4. Bd2 Bxd2+ 5. Qxd2 d6 6. Nc3 Qe7 7. g3 e5 8. d5 Bg4 9. Bg2 Bxf3 10. exf3 O-O 11. O-O a5 12. Rfe1 Nbd7 13. f4 Qd8 14. fxe5 Nxe5 15. b3 b6 16. Nb5 h6 17. Nd4 Qd7 18. f4 Ng6 19. Qd3 Rfe8 20. Qf5 Qxf5 21. Nxf5 Kf8 22. Bf3 Rxe1+ 23. Rxe1 Re8 24. Rxe8+ Nxe8 25. Kf2 Ne7 26. Nd4 Ng8 27. g4 g5 28. Kg3 Ngf6 29. h4 gxh4+ 30. Kxh4 Ng7 31. g5 hxg5+ 32. Kxg5 Nd7 33. Bd1 Nc5 34. Bc2 Ne8 35. a3 Kg7 36. b4 axb4 37. axb4 Na6 38. Nc6 Nf6 39. Bf5 Nh7+ 40. Bxh7 Kxh7 41. Kf6 Kg8 42. Ke7 Kg7 43. f5 f6 44. Ke6 Kf8 45. Kxf6 Ke8 46. Ke6 1-0


[Site "https://www.chess.com"]

[Event "Titled Tuesday Blitz November 29 Late 2022"]
[White "Bazzano, Sebastian"]
[Black "Cruz Gomez, Miguel Angel"]
[WhiteFideId "104566"]
[BlackFideId "5137160"]
[WhiteElo "2188"]
[BlackElo "2126"]
[Result "1-0"]
[Round "07"]
[TimeControl "180+1"]
[Date "2022.11.30"]
[WhiteClock "0:01:03"]
[BlackClock "0:00:36"]

1. d4 d5 2. Bf4 c5 3. e4 cxd4 4. Qxd4 Nc6 5. Qxd5 Qxd5 6. exd5 Nb4 7. Na3 Nxd5 8. Bb5+ Bd7 9. Bxd7+ Kxd7 10. O-O-O Kc6 11. Bg3 e6 12. Nf3 Bxa3 13. bxa3 f6 14. Nd4+ Kd7 15. Nxe6 Kxe6 16. Rhe1+ Kf7 17. Rxd5 Nh6 18. Rd7+ Kg6 19. Rxb7 Rhc8 20. Ree7 Nf5 21. Rec7 Rxc7 22. Rxc7 a5 23. c4 a4 24. Kc2 Re8 25. Rd7 Re2+ 26. Rd2 Re1 27. c5 Re6 28. Kc3 Re4 29. c6 1-0


[Site "https://www.chess.com"]

[Event "Titled Tuesday Blitz November 29 Late 2022"]
[White "Bilan, Danila"]
[Black "Seletsky, Grigory"]
[WhiteFideId "24161918"]
[BlackFideId "14112191"]
[WhiteElo "2173"]
[BlackElo "2492"]
[Result "0-1"]
[Round "07"]
[TimeControl "180+1"]
[Date "2022.11.30"]
[WhiteClock "0:00:07"]
[BlackClock "0:00:08"]

1. d4 d5 2. Nf3 Bf5 3. c4 e6 4. Nc3 c6 5. Qb3 Qb6 6. c5 Qc7 7. g3 h6 8. Bf4 Qc8 9. Bg2 Nf6 10. O-O Be7 11. Qd1 Nbd7 12. b4 O-O 13. b5 Ne4 14. Nxe4 Bxe4 15. a4 b6 16. bxc6 Qxc6 17. cxb6 axb6 18. Qb3 Bc2 19. Qb2 Bxa4 20. Rfc1 Qb5 21. Qd2 Rfc8 22. g4 Nf6 23. g5 Ne4 24. Qe3 hxg5 25. Nxg5 Nxg5 26. Bxg5 Bxg5 27. Qxg5 Qd7 28. Rxc8+ Rxc8 29. Bf1 Bb5 30. Rb1 Rc2 31. Rxb5 Qxb5 32. Qd8+ Kh7 33. Qh4+ Kg6 34. e4 Qb1 35. Qg4+ Kf6 36. Qh4+ g5 37. Qh6+ Ke7 38. Qxg5+ Kd7 39. exd5 Rc1 40. dxe6+ fxe6 41. Qg2 b5 42. Qb7+ Kd6 43. Qg2 b4 44. h4 b3 45. Qg3+ Kc6 46. Qf3+ Kb6 47. Qe2 Rxf1+ 48. Kg2 Rg1+ 49. Kh2 Rh1+ 50. Kg3 Qg1+ 51. Kf4 Rxh4+ 52. Ke5 Qg5+ 53. Kd6 Qd5+ 54. Ke7 Rh7+ 55. Ke8 Qa8# 0-1


[Site "https://www.chess.com"]